 Dungeon Crawl Stone Soup version 0.24.0-2-g5b39cebb1c (webtiles) character file.

Game seed: 11375608887837314619, levelgen mode: deterministic

534 Aviak the Skirmisher (level 7, 35/61 HPs)
             Began as a White Draconian Abyssal Knight on Oct 31, 2019.
             Was a Priest of Lugonu.
             Quit the game on level 4 of the Dungeon.
             The game lasted 00:04:06 (3564 turns).

Aviak the Skirmisher (DrAK)                         Turns: 3564, Time: 00:04:06

Health: 35/61      AC:  7    Str: 15      XL:     7   Next: 4%
Magic:  19/19      EV: 13    Int: 12      God:    Lugonu [***...]
Gold:   200        SH:  0    Dex: 10 (12) Spells: 6/6 levels left

rFire    . . .     SeeInvis .   a - +1 spear
rCold    + . .     Gourm    .   (no shield)
rNeg     . . .     Faith    .   (armour unavailable)
rPois    .         Spirit   .   (helmet restricted)
rElec    .         Reflect  .   (no cloak)
rCorr    .         Harm     .   g - +0 pair of gloves
MR       .....                  (no boots)
Stlth    +.........             (no amulet)
HPRegen  0.20/turn              p - ring of magical power
MPRegen  0.16/turn              (no ring)

@: no status effects
A: breathe frost, unfitting armour, cold resistance 1, cold-blooded, AC +6
a: Breathe Frost, Depart the Abyss, Bend Space, Banish, Renounce Religion


You were on level 4 of the Dungeon.
You worshipped Lugonu.
Lugonu was most pleased with you.
You were hungry.

You visited 1 branch of the dungeon, and saw 4 of its levels.
You visited the Abyss 1 time.

You collected 200 gold pieces.

Inventory:

Hand Weapons
 a - a +1 spear (weapon)
Armour
 g - a +0 pair of gloves (worn)
Jewellery
 p - a ring of magical power (left hand)
Wands
 m - a wand of polymorph (5)
Scrolls
 c - a scroll of enchant armour {unknown}
 e - 3 scrolls of enchant weapon {unknown}
 f - a scroll of magic mapping {unknown}
 j - 2 scrolls of fear {unknown}
 l - a scroll of amnesia {unknown}
 r - 7 scrolls of remove curse
 s - a scroll of teleportation {unknown}
Potions
 d - 2 potions of flight
 h - 4 potions of heal wounds
 k - a potion of lignification {unknown}
 n - 2 potions of degeneration {!q!q}
 o - a potion of berserk rage {unknown}
Comestibles
 b - 10 rations


   Skills:
 + Level 5.2 Fighting
 + Level 4.1 Polearms
 + Level 3.9 Dodging
 + Level 4.4 Invocations


You had 6 spell levels left.
You didn't know any spells.
Your spell library was empty.

Dungeon Overview and Level Annotations

Branches:
Dungeon (4/15)
 Temple: D:4-7

Altars:
Kikubaaqudgha


Innate Abilities, Weirdness & Mutations

You can breathe waves of freezing cold.
You can buffet flying creatures when you breathe cold.
Your icy white scales are hard. (AC +6)
You cannot fit into any form of body armour.
Your flesh is cold resistant. (rC+)
You are cold-blooded and may be slowed by cold attacks.


Message History

You closely miss the phantom.
The phantom is severely damaged.
The phantom closely misses you.
You puncture the phantom!
The phantom is almost destroyed.
The phantom hits you.
You hit the phantom.
Your tail-slap misses the phantom.
The phantom is almost destroyed.
The phantom barely misses you.
You hit the phantom.
You destroy the phantom!
Lugonu accepts your kill.
You feel your strength returning.
You have reached level 7!
Your scales start taking on an icy white colour.
You learn Fire Magic much slower.
You learn Ice Magic much quicker.
You can breathe waves of freezing cold.
You can buffet flying creatures when you breathe cold.
You feel resistant to cold.
Are you sure you want to abandon this character and quit the game? (Confirm with "yes".)

#............###..##..#.
................).....##
#.........>..........##
##.......#..........#.
#.......###..##.......
##......###..# .......
#....................
##..(................
#...@................
##!.......... .......
#..†......%. ##.....
.....!.........# #.....
.......#....>.## ##.....
....##.......... #......
....
#......##...##...... ...
......## .#......... .#
..##...# ##.......


There were no monsters in sight!

Vanquished Creatures
  Eustachio (D:3)
  A phantom (D:4)
  3 vampire bats (D:2)
  A centaur skeleton (D:4)
  An iguana (D:3)
  6 adders
  2 worms
  4 leopard geckos
  An orc (D:3)
  4 bat skeletons (D:2)
  3 bat zombies (D:2)
  3 giant cockroaches (D:2)
  12 goblins
  3 hobgoblins (D:1)
  4 jackals (D:2)
  A quokka (D:2)
  2 ball pythons
  9 bats
  6 frilled lizards
  5 kobolds
  A quokka skeleton (D:4)
  7 rats
80 creatures vanquished.

Notes
Turn   | Place    | Note
-------+----------+-------------------------------------------
     0 | Abyss:1  | Aviak the Draconian Abyssal Knight began the quest for the
                  | Orb.
     0 | Abyss:1  | Reached XP level 1. HP: 19/19 MP: 2/2
    21 | Abyss:1  | Found a corrupted altar of Lugonu.
    40 | D:1      | Escaped the Abyss
   371 | D:1      | Reached XP level 2. HP: 26/26 MP: 3/3
   470 | D:1      | Reached ** piety under Lugonu
   987 | D:2      | Reached XP level 3. HP: 33/33 MP: 4/4
  1417 | D:2      | Reached XP level 4. HP: 36/40 MP: 6/6
  1439 | D:2      | Reached skill level 4 in Fighting
  1457 | D:2      | Found an ancient bone altar of Kikubaaqudgha.
  1513 | D:2      | Reached XP level 5. HP: 21/46 MP: 7/7
  1700 | D:2      | Reached *** piety under Lugonu
  2882 | D:4      | Reached XP level 6. HP: 44/53 MP: 8/8
  2938 | D:4      | Noticed Eustachio
  3041 | D:3      | Killed Eustachio
  3041 | D:3      | Reached skill level 5 in Fighting
  3563 | D:4      | Your scales start taking on an icy white colour.
  3563 | D:4      | Reached XP level 7. HP: 35/61 MP: 10/10
  3563 | D:4      | Gained mutation: Your flesh is cold resistant. (rC+) [White
                  | Draconian growth]
  3564 | D:4      | Quit the game

Levels and vault maps discovered:
D:1:      dpeg_arrival_connections, layout_loops_ring, kennysheep_flooded_box
D:2:      layout_basic, kennysheep_vampire_church, minmay_bisected
D:3:      layout_loops_corners, first_ration, kennysheep_small_spiral,
          minmay_fractal_squares_5
D:4:      layout_cave_pools, gammafunk_temple_overflow_statue, uniq_eustachio

Skill      XL: |  1  2  3  4  5  6 |
---------------+-------------------+-----
Fighting       | 4 5 |  5.2
Polearms       | 3 4 |  4.1
Dodging        | 3 |  3.9
Invocations    | 3 4 |  4.4

Action                   |  1- 3 |  4- 6 |  7- 9 || total
-------------------------+-------+-------+-------++-------
Melee: Spear             |   135 |   210 |       ||   345
       Tailslap          |     5 |    19 |       ||    24
  Use: Scroll            |       |     4 |       ||     4
       Potion            |       |     3 |       ||     3
 Stab: Sleeping          |     1 |     2 |       ||     3
  Eat: Chunk             |     2 |     6 |       ||     8
Armor: Skin              |    36 |    69 |       ||   105
Dodge: Dodged            |    48 |   159 |       ||   207
